 Dungeon Crawl Stone Soup version 0.28.0-53-g5a82cb258f (webtiles) character file.

Game seed: 1023632024467825339

69 safid the Skirmisher (level 4, -2/40 HPs)
             Began as a Hill Orc Fighter on July 29, 2022.
             Killed from afar by an orc wizard (3 damage)
             ... with a puff of flame
             ... on level 3 of the Dungeon.
             The game lasted 00:01:51 (1818 turns).

safid the Skirmisher (Hill Orc Fighter)             Turns: 1818, Time: 00:01:52

Health: -2/40      AC:  8    Str: 20    XL:     4   Next: 20%
Magic:  4/4        EV:  9    Int:  8    God:
Gold:   53         SH:  4    Dex: 10    Spells: 3/3 levels left

rFire   . . .      SeeInvis .   a - +0 war axe
rCold   . . .      Faith    .   c - +0 buckler
rNeg    . . .      Spirit   .   b - +0 scale mail
rPois   .          Reflect  .   (no helmet)
rElec   .          Harm     .   (no cloak)
rCorr   .          Rampage  .   h - +0 pair of gloves
Will    .....                   (no boots)
Stlth   ..........              (no amulet)
HPRegen 0.13/turn               (no ring)
MPRegen 0.09/turn               (no ring)

@: no status effects
A: no striking features
a: no special abilities


You were on level 3 of the Dungeon.
You visited 1 branch of the dungeon, and saw 3 of its levels.

You collected 53 gold pieces.

Inventory:

Hand Weapons
 a - a +0 war axe (weapon)
Armour
 b - a +0 scale mail (worn)
 c - a +0 buckler (worn)
 h - a +0 pair of gloves (worn)
Jewellery
 i - an amulet of faith
 n - a +4 ring of protection
Scrolls
 e - 2 scrolls of magic mapping {unknown}
 f - 2 scrolls of immolation {unknown}
 g - a scroll of identify {unknown}
Potions
 d - 2 potions of might
 j - a potion of curing {unknown}
 k - a potion of flight {unknown}
 l - a potion of heal wounds {unknown}
 m - a potion of degeneration {unknown}


   Skills:
 - Level 4.0 Fighting
 + Level 4.0 Axes
 - Level 4.0 Armour
 - Level 4.0 Shields


You had 3 spell levels left.
You didn't know any spells.
Your spell library contained the following spells:

 Spells                   Type           Power      Damage    Failure   Level
 Freeze                   Ice            0%         1d3       85%         1
 Frozen Ramparts          Ice            0%         1d2       99%         3
 Hailstorm                Conj/Ice       0%         3d3       100%        4


Dungeon Overview and Level Annotations

Branches:
Dungeon (3/15)

Altars:
Fedhas


Message History

Something hits you but does no damage. The orc completely misses you.
The bat closely misses you. Something hits you.
Unknown command.
You're too confused to move!
The bat barely misses you. x2
The orc hits you but does no damage.
You hear some strange, mumbled words.
Something tries to affect you, but you resist.
Unknown command.
You feel less confused. The bat hits you but does no damage.
Something hits you. The orc hits you with a +0 short sword.
* * * LOW HITPOINT WARNING * * *
Unknown command.
You block the bat's attack.
You hear some strange, mumbled words.
A puff of flame appears from out of thin air!
The puff of flame hits you.
* * * LOW HITPOINT WARNING * * *
Unknown command.
The bat hits you but does no damage.
You hear some strange, mumbled words.
A puff of flame appears from out of thin air!
You block the puff of flame.
You hear some strange, mumbled words.
Something tries to affect you, but you resist.
The bat hits you.
* * * LOW HITPOINT WARNING * * *
You hear some strange, mumbled words.
A puff of flame appears from out of thin air!
The puff of flame hits you.
* * * LOW HITPOINT WARNING * * *
The bat barely misses you.
There is a stone staircase leading up here.
An orc wizard appears from thin air!
Reactivating autopickup.
The bat hits you.
* * * LOW HITPOINT WARNING * * *
The orc wizard points at you and mumbles some strange words.
The puff of flame hits you.
You die...

########.##)....##.#
#.#######
...##...........##.###.#
.#..#.##..#............#
......##..#.#......#####
#.....##.........###
..........#.##..##
.#..#.......##...#
÷...#####........#
†......##.####..@#
###.##.##.#


#oob# .......##.# #..{# .##.......# #...# .##.##.#######...#####
.##......(............. .###................... .###.#.................
.......#####.#...#.#### You could see an orc wizard, an orc and a bat.

Vanquished Creatures
  3 adders
  2 orcs (D:3)
  5 ball pythons
  2 endoplasms (D:1)
  4 giant cockroaches
  6 hobgoblins
  A jackal (D:1)
  2 kobolds
  2 quokkas (D:1)
  5 bats
  A goblin (D:1)
  4 rats
37 creatures vanquished.

Notes
Turn   | Place    | Note
-------+----------+-------------------------------------------
     0 | D:1      | safid the Hill Orc Fighter began the quest for the Orb.
     0 | D:1      | Reached XP level 1. HP: 19/19 MP: 1/1
   192 | D:1      | Reached XP level 2. HP: 27/27 MP: 2/2
   774 | D:2      | Reached XP level 3. HP: 24/33 MP: 3/3
  1210 | D:2      | Found a blossoming altar of Fedhas.
  1487 | D:3      | Reached XP level 4. HP: 17/40 MP: 4/4
  1815 | D:3      | HP: 2/40 [something/puff of flame (6)]
  1818 | D:3      | Killed from afar by an orc wizard

Illustrated notes

Levels and vault maps discovered:
D:1:      dpeg_arrival_water_temple_mockup, layout_basic,
          minmay_stone_trees_medium, st_stairs_1, serial_park_tiny_1,
          minmay_heptomino_d4
D:2:      layout_loops_cross, basic_altar, minmay_misc_feat_doors
D:3:      layout_loops_cross, minmay_misc_feat_square,
          wander_ebering_terrifying_dragon_lair

Skill      XL: |  1  2  3  4 |
---------------+-------------+-----
Axes           | 3 4 |  4.0
Fighting       | 4 |  4.0
Armour         | 4 |  4.0
Shields        | 4 |  4.0

Action                   |  1- 3 |  4- 6 || total
-------------------------+-------+-------++-------
Melee: War axe           |    89 |    21 ||   110
Armor: Scale mail        |    60 |    46 ||   106
Dodge: Dodged            |    53 |    16 ||    69
Block: Buckler           |    18 |    10 ||    28
